 Dungeon Crawl Stone Soup version 0.24.0-13-gcf9b319 (webtiles) character file.

Game seed: 3097424752553669115, levelgen mode: deterministic

0 Arctor the Magician (level 1, -8/10 HPs)
             Began as a Gargoyle Wizard on Apr 18, 2020.
             Mangled by a kobold
             ... wielding a +2 short sword of distortion
              (14 damage)
             ... on level 1 of the Dungeon.
             The game lasted 00:00:14 (41 turns).

Arctor the Magician (Gargoyle Wizard)                 Turns: 41, Time: 00:00:15

Health: -8/10      AC:  4    Str: 10    XL:     1   Next: 10%
Magic:  2/4        EV: 12    Int: 18    God:
Gold:   4          SH:  0    Dex:  8    Spells: 5/6 levels left

rFire    . . .     SeeInvis .   (no weapon)
rCold    . . .     Gourm    .   (no shield)
rNeg     + . .     Faith    .   a - +0 robe
rPois    ∞         Spirit   .   b - +0 hat
rElec    +         Reflect  .   (no cloak)
rCorr    .         Harm     .   (no gloves)
MR       .....                  (no boots)
Stlth    ++........             (no amulet)
HPRegen  0.03/turn              (no ring)
MPRegen  0.09/turn              (no ring)

@: very slightly contaminated
A: negative energy resistance 1, electricity resistance, unbreathing,
petrification resistance, rot immunity, AC +2
a: no special abilities


You were on level 1 of the Dungeon.
You were not hungry.

You visited 1 branch of the dungeon, and saw 1 of its levels.

You collected 4 gold pieces.

Inventory:

Armour
 a - a +0 robe (worn)
 b - a +0 hat (worn)
Comestibles
 d - 2 rations


   Skills:
 - Level 1.5 Dodging
 - Level 2.1 Stealth
 - Level 3.0 Spellcasting
 + Level 1.2 Conjurations
   Level 0.8 Summonings
   Level 0.8 Translocations


You had 5 spell levels left.
You knew the following spells:

 Your Spells              Type           Power        Failure   Level  Hunger
a - Magic Dart            Conj           #...         10%         1    None

Your spell library contained the following spells:

 Spells                   Type           Power        Failure   Level  Hunger
 Blink                    Tloc           N/A          17%         2    ##.....
 Call Imp                 Summ           #.......     17%         2    ##.....
 Slow                     Hex            #.......     24%         2    ##.....
 Conjure Flame            Conj/Fire      #.......     36%         3    ###....
 Mephitic Cloud           Conj/Pois/Air  #.......     38%         3    ###....


Dungeon Overview and Level Annotations

Branches:
Dungeon (1/15)

Altars:


Innate Abilities, Weirdness & Mutations

You are resistant to torment.
Your stone body is resilient. (AC +2)
You are immune to poison.
You resist negative energy. (rN+)
You are resistant to electric shocks. (rElec)
You can survive without breathing.
You are immune to petrification.
You are immune to rotting.


Message History

Aiming: Magic Dart (safe; 10% risk of failure)
Press: ? - help, Shift-Dir - straight line, f - kobold
Aim: a kobold, wielding a +2 short sword of distortion The magic dart hits the kobold but does no damage.
The kobold barely misses you.
You barely miss the kobold. The kobold barely misses you.
Casting: Magic Dart (safe; 10% risk of failure)
Confirm with . or Enter, or press ? or * to list all spells.
Aiming: Magic Dart (safe; 10% risk of failure)
Press: ? - help, Shift-Dir - straight line, f/p - kobold
Aim: a kobold, wielding a +2 short sword of distortion The magic dart hits the kobold.
The kobold is moderately wounded.
The kobold barely misses you.
You miss the kobold.
The kobold is moderately wounded.
The kobold hits you with a +2 short sword of distortion.
Space warps horribly around you!
Ouch! That really hurt!
You die...

#.##8........#
###.##..###..#.#
...#...#h#..#.#
..#####.#8..#t#..#.#
............#k#..#.#
###.##.#8..#a#..#.#
.######.##.#...#h#..#.#
...........##..###..#<#
..#####@#####8......###
....###K# #.......#
......rb# ##.8.8.##
.......g...# #.....#
......#..#.# #######
..g...##.. .. ......
#.. ... ..... #.# ..
..... +# .


You could see a goblin, a bat, a kobold and a rat.

Vanquished Creatures
  A kobold (D:1)
1 creature vanquished.

Notes
Turn   | Place    | Note
-------+----------+-------------------------------------------
     0 | D:1      | Arctor the Gargoyle Wizard began the quest for the Orb.
     0 | D:1      | Reached XP level 1. HP: 10/10 MP: 4/4
     9 | D:1      | Noticed a wolf
     9 | D:1      | Noticed a crocodile
     9 | D:1      | Noticed a lindwurm
     9 | D:1      | Noticed a worker ant
     9 | D:1      | Noticed a polar bear
    41 | D:1      | Mangled by a kobold

Levels and vault maps discovered:
D:1:      onia_arrival_zoo_common, layout_basic, dk_noncrumbling_3

Action                   || total
-------------------------++-------
Melee: Unarmed           ||     3
 Cast: Magic Dart        ||     3
Dodge: Dodged            ||     7
